 Dungeon Crawl Stone Soup version 0.25.1-2-g60ff931df9 (webtiles) character file.

Game seed: 13810430457498042374

9257 Zeus777sb the Spear-Bearer (level 11, -6/169 HPs)
             Began as a Troll Berserker on Aug 30, 2020.
             Was a High Priest of Trog.
             Mangled by an orc knight
             ... wielding a +0 glaive
              (16 damage)
             ... on level 10 of the Dungeon.
             The game lasted 01:09:53 (9762 turns).

Zeus777sb the Spear-Bearer (Troll Berserker)        Turns: 9762, Time: 01:09:53

Health: -6/169     AC: 10    Str: 27    XL:     11   Next: 20%
Magic:  10/10      EV: 13    Int:  9    God:    Trog [*****.]
Gold:   573        SH:  0    Dex: 12    Spells: 10/10 levels left

rFire    . . .     SeeInvis .   C - +5 glaive of Laatonn {vorpal, +Fly}
rCold    + . .     Gourm    +   (shield currently unavailable)
rNeg     . . .     Faith    .   M - +2 robe {rC+}
rPois    .         Spirit   .   v - +2 hat
rElec    .         Reflect  .   (no cloak)
rCorr    .         Harm     .   (gloves unavailable)
MR       +....                  (boots unavailable)
Stlth    ..........             (no amulet)
HPRegen  0.78/turn              F - ring of protection from magic
MPRegen  0.12/turn              H - +6 ring of intelligence

@: berserking (expiring), studying Fighting, very quick
A: large, unfitting armour, claws 3, fast metabolism 3, gourmand, regeneration
1, shaggy fur 1, tough skin 3
a: Berserk, Trog's Hand, Brothers in Arms, Renounce Religion, Evoke Flight


You were on level 10 of the Dungeon.
You worshipped Trog.
Trog was extremely pleased with you.
You were very full.

You visited 2 branches of the dungeon, and saw 11 of its levels.

You collected 573 gold pieces.

Inventory:

Hand Weapons
 f - a +2 spear of venom
 z - a +2 glaive of flaming
 C - the +5 glaive of Laatonn (weapon) {vorpal, +Fly}
   (You found it on level 5 of the Dungeon)

   It inflicts extra damage upon your enemies.
   It lets you fly.
 D - a +5 trident of freezing
Armour
 a - a +2 animal skin
 j - a +0 leather armour
 l - a +0 ring mail
 n - a +0 pair of gloves
 v - a +2 hat (worn)
 L - a +0 pair of boots
 M - a +2 robe of cold resistance (worn)
Jewellery
 F - a ring of protection from magic (left claw)
 H - a +6 ring of intelligence (right claw)
 J - an uncursed ring of ice
 N - an uncursed ring of stealth
Wands
 q - a wand of paralysis (10)
 u - a wand of clouds (3)
 y - a wand of polymorph (6)
 A - a wand of flame (14)
 E - a wand of random effects (45)
Scrolls
 d - a scroll of random uselessness
 g - 2 scrolls of enchant armour
 k - a scroll of enchant weapon
 m - 3 scrolls of remove curse
 p - 3 scrolls of immolation
 w - 3 scrolls of fear {unknown}
 G - a scroll of magic mapping
 K - a scroll of identify
Potions
 c - a potion of resistance
 e - 4 potions of heal wounds
 h - 3 potions of berserk rage
 o - 2 potions of cancellation
 r - 3 potions of lignification
 s - 3 potions of haste
 t - 6 potions of curing
 x - 3 potions of stabbing
 B - 2 potions of brilliance {unknown}
 I - a potion of might {unknown}
 O - a potion of flight {unknown}
Books
 i - a manual of Fighting
Comestibles
 b - 13 rations
 P - 4 chunks of flesh


   Skills:
 + Level 8.6 Fighting
 + Level 10.5 Polearms
 + Level 6.8 Dodging
 + Level 2.8 Stealth
 + Level 3.9 Unarmed Combat


You had 10 spell levels left.
You didn't know any spells.
Your spell library was empty.

Dungeon Overview and Level Annotations

Branches:
Dungeon (10/15)            Temple (1/1) D:4
   Lair: D:8-11         Orc: D:9-12

Altars:
Ashenzari
Cheibriados
Dithmenos
Fedhas
Gozag
Hepliaklqana
Kikubaaqudgha
Makhleb
Nemelex Xobeh
Okawaru
Qazlal
Ru
Sif Muna
Trog
Uskayaw
Vehumet
Wu Jian
Xom
Yredelemnul
Zin
The Shining One
Lugonu

Shops:
D:10 [

Annotations:
D:10 3 runed translucent doors, lysyklops's ghost, novice DrCj


Innate Abilities, Weirdness & Mutations

You are too large for most types of armour.
You have claws for hands.
Your metabolism is lightning-fast.
You like to eat raw meat.
Your natural rate of healing is unusually fast.
You are covered in fur. (AC +1)
You have extremely tough skin. (AC +3)


Message History

You barely miss the troll.
The troll is severely wounded.
The orc no longer looks unusually strong.
The troll misses you. The troll closely misses you. The troll claws you.
* * * LOW HITPOINT WARNING * * *
The crimson imp hits you but does no damage.
You open the troll like a pillowcase!!!
You kill the troll!
Trog accepts your kill.
The troll leather armour is intact enough to wear.
The orc closely misses you. x2; The orc knight barely misses you.
You closely miss the crimson imp. The hound barely misses you.
The crimson imp hits you but does no damage.
The orc misses you. The orc barely misses you.
You slash the hound!
The hound is almost dead.
The hound bites you.
* * * LOW HITPOINT WARNING * * *
The orc knight hits you from afar with a +0 glaive!
You die...

#######'###
#.# #.# #.#
###.# #.#
#...# #.#
###'#####
#.#
#.......#
#.......+
#....o..#
#...@hT.#
#...5o......
#....o......
#...........
#####+#.$.∩.
..... ..$.
....


You could see an orc knight (strong), a troll, a hound, a crimson imp and 2
orcs.

Vanquished Creatures
  Gastronok (D:8)
  Fannar (D:10)
  An unseen horror (D:10)
  An orc knight (D:10)
  A troll (D:10)
  Prince Ribbit (D:8)
  3 hippogriffs
  2 water moccasins
  5 orc warriors
  3 sky beasts
  An ice beast (D:10)
  3 phantoms
  6 ogres
  7 centaurs
  A crocodile (D:6)
  A gnoll sergeant (D:7)
  2 bullfrogs
  A scorpion (D:6)
  3 wights (D:9)
  3 howler monkeys
  4 crimson imps
  A centaur zombie (D:8)
  5 hounds
  A bullfrog zombie (D:8)
  2 jellies
  8 orc priests
  3 centaur skeletons
  2 bullfrog skeletons
  14 orc wizards
  A gnoll shaman (D:4)
  8 worker ants
  2 iguanas
  2 hound zombies
  A hound skeleton (D:8)
  2 worker ant zombies
  19 gnolls
  3 howler monkey skeletons
  13 adders
  A shadow imp (D:6)
  An adder zombie (D:8)
  A dart slug (D:2)
  6 leopard geckos
  40 orcs
  5 ball pythons
  7 bats
  A giant cockroach (D:6)
  3 goblins
  11 hobgoblins
  15 jackals
  4 quokkas
  4 frilled lizards
  A giant cockroach zombie (D:5)
  10 kobolds
  A leopard gecko skeleton (D:4)
  12 rats
  2 demonic plants (Temple)
  3 plants (D:6)
266 creatures vanquished.

Vanquished Creatures (others)
  A bush (D:5)
  3 fungi (D:10)
  A plant (D:10)
  4 toadstools (D:1)
9 creatures vanquished.

Grand Total: 275 creatures vanquished

Notes
Turn   | Place    | Note
-------+----------+-------------------------------------------
     0 | D:1      | Zeus777sb the Troll Berserker began the quest for the Orb.
     0 | D:1      | Reached XP level 1. HP: 22/22 MP: 0/0
   193 | D:1      | Reached XP level 2. HP: 29/29 MP: 1/1
  1134 | D:2      | Found a shadowy altar of Dithmenos.
  1251 | D:2      | Reached XP level 3. HP: 30/36 MP: 2/2
  1314 | D:2      | Reached ** piety under Trog
  1331 | D:2      | Found a glowing golden altar of the Shining One.
  1869 | D:3      | Reached XP level 4. HP: 45/45 MP: 3/3
  1992 | D:3      | Reached skill level 1 in Polearms
  2365 | D:3      | Reached XP level 5. HP: 53/53 MP: 4/4
  2602 | D:3      | Reached *** piety under Trog
  2767 | D:4      | Reached skill level 2 in Polearms
  2798 | D:4      | Found a shimmering blue altar of Sif Muna.
  2921 | D:4      | Reached XP level 6. HP: 45/61 MP: 5/5
  3012 | D:4      | Found a hazy altar of Hepliaklqana.
  3230 | D:4      | Reached skill level 1 in Stealth
  3234 | D:4      | Found a staircase to the Ecumenical Temple.
  3250 | Temple   | Entered the Ecumenical Temple
  3379 | D:4      | Reached skill level 3 in Polearms
  3715 | D:5      | Entered Level 5 of the Dungeon
  3775 | D:5      | Noticed an orc warrior
  3783 | D:5      | Reached XP level 7. HP: 68/68 MP: 6/6
  3806 | D:5      | Reached **** piety under Trog
  3890 | D:5      | Found a snail-covered altar of Cheibriados.
  3918 | D:5      | Reached skill level 4 in Polearms
  4204 | D:5      | Reached XP level 8. HP: 78/78 MP: 7/7
  4460 | D:5      | Found a stormy altar of Qazlal.
  4711 | D:5      | Reached skill level 5 in Polearms
  4897 | D:5      | Got a bloodstained glaive
  4898 | D:5      | Identified the +5 glaive of Laatonn {vorpal, +Fly} (You
                  | found it on level 5 of the Dungeon)
  5032 | D:6      | Noticed a hippogriff
  5037 | D:6      | Found a glowing silver altar of Zin.
  5046 | D:6      | Found a transporter.
  5056 | D:6      | Found a transporter.
  5067 | D:6      | Killed a hippogriff
  5070 | D:6      | Reached skill level 5 in Dodging
  5085 | D:6      | Reached skill level 6 in Polearms
  5219 | D:6      | Found a blossoming altar of Fedhas.
  5308 | D:6      | Found a basalt altar of Yredelemnul.
  5912 | D:6      | Found a sacrificial altar of Ru.
  5915 | D:6      | Reached XP level 9. HP: 87/87 MP: 8/8
  6032 | D:7      | Found a shattered altar of Ashenzari.
  6068 | D:7      | Reached skill level 5 in Fighting
  6070 | D:7      | Reached ***** piety under Trog
  6315 | D:7      | Found a shimmering altar of Xom.
  6757 | D:7      | Reached skill level 7 in Polearms
  7265 | D:7      | Got a translucent flail
  7266 | D:7      | Identified the cursed +3 flail of Moderation {pain, Int+3}
                  | (You found it on level 7 of the Dungeon)
  7278 | D:7      | Identified a scroll of acquirement
  7278 | D:7      | Acquired a manual of Fighting
  7393 | D:8      | Noticed Gastronok
  7409 | D:8      | Killed Gastronok
  7409 | D:8      | Reached skill level 8 in Polearms
  7409 | D:8      | Reached XP level 10. HP: 12/100 MP: 9/9
  7659 | D:8      | Reached skill level 9 in Polearms
  7660 | D:8      | Noticed Prince Ribbit
  7821 | D:8      | Killed Prince Ribbit
  8566 | D:9      | Received a gift from Trog
  9096 | D:9      | Found an iron altar of Okawaru.
  9269 | D:10     | Entered Level 10 of the Dungeon
  9297 | D:10     | Noticed Fannar
  9306 | D:10     | Killed Fannar
  9306 | D:10     | Reached skill level 10 in Polearms
  9400 | D:10     | Killed an unseen horror
  9400 | D:10     | Reached XP level 11. HP: 98/111 MP: 10/10
  9564 | D:10     | Found a runed translucent gate.
  9564 | D:10     | Found a runed translucent gate.
  9564 | D:10     | Found a runed translucent gate.
  9565 | D:10     | Identified the +4 whip of the Middle {chaos, rElec}
  9565 | D:10     | Noticed lysyklops's ghost (novice DrCj)
  9742 | D:10     | Noticed an orc knight
  9743 | D:10     | Found Lyschym's Armour Shoppe.
  9744 | D:10     | Noticed an orc knight
  9755 | D:10     | Killed an orc knight
  9762 | D:10     | Mangled by an orc knight

Illustrated notes

Levels and vault maps discovered:
D:1:      ldierk_walled_garden_2, layout_basic
D:2:      layout_basic, grunt_dithmenos_smoke_and_mirrors, lemuel_round_altar,
          first_ration
D:3:      layout_basic, grunt_ministairs_10, minmay_quadrilaterals
D:4:      layout_basic, overflow_temple_1_default, marbit_many_paths,
          minmay_temple_entry_proselytizer
D:5:      layout_loops_corners, cheibriados_altar_1, lemuel_crystal_altar,
          kb_lookout_dungeons_type
D:6:      layout_loops_cross, gammafunk_temple_overflow_arena,
          lemuel_doored_altar, fedhas_altar_1, lemuel_coloured_pillars_altar
D:7:      layout_basic, old_standard_altar, evilmike_ruin_ashenzari
D:8:      layout_basic, nicolae_overflow_hidden_temple, uniq_prince_ribbit1,
          uniq_gastronok
D:9:      layout_rooms, kennysheep_mini
D:10:     layout_roguey, lair_entry_dummy, orc_david_3, basic_altar,
          gammafunk_ghost_nasty_kobolds, grunt_pizzeria, uniq_fannar
Temple:   corrupted_temple

Skill      XL: |  1  2  3  4  5  6  7  8  9 10 |
---------------+-------------------------------+-----
Fighting       | 3 4 6 8 |  8.6
Polearms       | 1 2 3 4 6 8 10 | 10.5
Dodging        | 3 4 5 6 |  6.8
Stealth        | 1 2 |  2.8
Unarmed Combat | |  3.9

Action                   |  1- 3 |  4- 6 |  7- 9 | 10-12 || total
-------------------------+-------+-------+-------+-------++-------
Melee: Unarmed           |    35 |       |       |       ||    35
       Spear             |    68 |   221 |   106 |       ||   395
       Punch             |     2 |     5 |     4 |       ||    11
       Glaive            |       |       |   195 |   186 ||   381
Invok: Berserk           |       |     6 |     7 |     4 ||    17
       Trog's Hand       |       |       |       |     1 ||     1
  Use: Scroll            |       |       |    11 |     8 ||    19
 Stab: Sleeping          |       |     2 |     4 |     3 ||     9
  Eat: Chunk             |    23 |    19 |    44 |    27 ||   113
Armor: Animal skin       |    56 |    52 |    89 |    67 ||   264
       Robe              |       |       |       |    32 ||    32
Dodge: Dodged            |    67 |   100 |   210 |   173 ||   550
